 Dungeon Crawl Stone Soup version 0.28-a0-948-gee6e0bcda6 (webtiles) character file.

Game seed: 7364307486849178023

1253 HessuHobo the Cleaver (level 8, -6/71 HPs)
             Began as a Minotaur Berserker on Nov 30, 2021.
             Was a Follower of the Shining One.
             Mangled by a boulder beetle (18 damage)
             ... on level 6 of the Dungeon.
             The game lasted 00:15:07 (4881 turns).

HessuHobo the Cleaver (Minotaur Berserker)          Turns: 4881, Time: 00:15:07

Health: -6/71      AC:  8    Str: 30    XL:     8   Next: 26%
Magic:  4/7        EV: 12    Int:  4    God:    the Shining One [*.....]
Gold:   272        SH: 11    Dex: 10    Spells: 7/7 levels left

rFire   . . .      SeeInvis .   H - +0 hand axe (flame)
rCold   x . .      Faith    .   (no shield)
rNeg    . . .      Spirit   .   y - +2 ring mail of Boredom {Rampage rPois rC-}
rPois   +          Reflect  +   (helmet restricted)
rElec   .          Harm     .   (no cloak)
rCorr   .          Rampage  +   (no gloves)
Will    .....                   (no boots)
Stlth   ..........              B - amulet of reflection
HPRegen 0.21/turn               G - +6 ring of strength
MPRegen 0.10/turn               (no ring)

@: divinely shielded, glowing
A: horns 2, retaliatory headbutt
a: Renounce Religion, Divine Shield


You were on level 6 of the Dungeon.
You worshipped the Shining One.
The Shining One was aware of your devotion.
You visited 2 branches of the dungeon, and saw 7 of its levels.

You collected 272 gold pieces.

Inventory:

Hand Weapons
 a - a +0 hand axe
 u - a +1 dire flail of protection
 C - a +0 war axe
 H - a +0 hand axe of flaming (weapon)
Missiles
 c - 6 atropa-tipped darts (quivered)
Armour
 b - a +0 animal skin
 i - a +0 ring mail
 l - a +0 scale mail
 v - a +0 chain mail
 y - the +2 ring mail of Boredom (worn) {Rampage rPois rC-}
   (You found it on level 4 of the Dungeon)

   rC:        It makes you vulnerable to cold.
   rPois:     It protects you from poison.
   Rampage:   It bestows one free step when moving towards enemies.
 z - a +0 plate armour
Jewellery
 g - a ring of ice
 B - an amulet of reflection (around neck)
 G - a +6 ring of strength (left hand)
Wands
 s - a wand of flame (33)
 w - a wand of mindburst (7)
Scrolls
 d - a scroll of amnesia {unknown}
 e - a scroll of torment {unknown}
 f - a scroll of vulnerability {unknown}
 j - a scroll of immolation {unknown}
 p - 2 scrolls of fear {unknown}
 q - 2 scrolls of teleportation {unknown}
 r - 7 scrolls of identify {unknown}
 x - a scroll of fog {unknown}
 A - a scroll of enchant weapon {unknown}
 D - 3 scrolls of brand weapon {unknown}
 F - a scroll of silence {unknown}
Potions
 h - 2 potions of curing {unknown}
 k - a potion of flight {unknown}
 m - 2 potions of resistance {unknown}
 n - a potion of degeneration {unknown}
 o - 3 potions of lignification {unknown}
 t - a potion of haste {unknown}
 E - 3 potions of mutation {unknown}


   Skills:
 + Level 6.6 Fighting
 + Level 9.0 Axes
 + Level 5.8 Armour
 + Level 3.7 Dodging
 + Level 1.4 Shields


You had 7 spell levels left.
You didn't know any spells.
Your spell library contained the following spells:

 Spells                   Type           Power      Damage    Failure   Level
 Magic Dart               Conj           0%         1d3       61%         1
 Call Imp                 Summ           0%         N/A       75%         2
 Mephitic Cloud           Conj/Pois/Air  0%         N/A       93%         3


Dungeon Overview and Level Annotations

Branches:
Dungeon (6/15)             Temple (1/1) D:4

Altars:
Ashenzari
Dithmenos
Elyvilon
Fedhas
Gozag
Hepliaklqana
Kikubaaqudgha
Makhleb
Nemelex Xobeh
Okawaru
Qazlal
Ru
Sif Muna
Trog
Uskayaw
Vehumet
Xom
Yredelemnul
The Shining One

Shops:
D:4 [

Annotations:
D:3 1 transporter, wpisznazwe's ghost, novice VSMo


Innate Abilities, Weirdness & Mutations

You have a pair of horns on your head.
You reflexively headbutt those who attack you in melee.


Message History

You kill the scorpion!
Your Axes skill increases to level 9!
No target in view!
You start waiting.
You hear the rapid hiss of a very distant avalanche of sand.
Things that are here:
a +0 dagger; a +0 leather armour; an orc corpse A hound comes into view.
The hound barks!
The hound moves out of view.
A boulder beetle comes into view.
You rampage towards the hound!
You slash the hound! You burn the hound.
You kill the hound!
You see here a hound corpse.
The boulder beetle curls into a ball and begins rolling!
Press: ? - help, v - describe, . - travel
Here: a boulder beetle (rolling)
The floor.
A boulder beetle is nearby!
Press: ? - help, v - describe, . - travel The floor.
You see here a hound corpse.
A divine shield forms around you! The boulder beetle hits you!!!
Ouch! That really hurt!
* * * LOW HITPOINT WARNING * * *
The boulder beetle stops rolling and uncurls.
You hit the boulder beetle but do no damage.
You headbutt the boulder beetle.
The boulder beetle is lightly wounded.
The boulder beetle bites you!
* * * LOW HITPOINT WARNING * * *
You hit the boulder beetle but do no damage.
You headbutt the boulder beetle.
The boulder beetle is lightly wounded.
You block the boulder beetle's attack.
You hit the boulder beetle but do no damage.
You headbutt the boulder beetle, but do no damage.
The boulder beetle is lightly wounded.
The boulder beetle bites you!!
You die...

..#...### #
##.#..#...##### #
#..#..###.....### #
#.##.......##...### #
..#..#.....#..#...### #
.#.....#..##.####...###...
#
....#.....#..)..#.........
# #...)##..##......†.#. #
###......#.....#@B#..#
..###...##.......##.##
....###.#.....#..# .#
......#####...#### ##
..#..... ###.. ....##.#
### .#..# ...#..# #.....#


You could see a boulder beetle.

Vanquished Creatures
  Eustachio (D:4)
  Edmund (D:4)
  A centaur (D:5)
  A phantom (D:5)
  3 scorpions
  A water moccasin zombie (D:5)
  A wight (D:6)
  A bullfrog zombie (D:5)
  4 hounds
  A centaur zombie (D:6)
  A jelly (D:5)
  An orc priest (D:6)
  A centaur skeleton (D:6)
  Natasha (thrice) (D:2)
  An iguana (D:5)
  A hound skeleton (D:4)
  7 adders
  4 gnolls (D:3)
  3 worms
  A dart slug (D:1)
  12 orcs
  6 bats
  8 endoplasms
  2 giant cockroaches (D:2)
  9 goblins
  7 hobgoblins
  4 quokkas
  5 ball pythons
  5 kobolds
  A rat (D:1)
97 creatures vanquished.

Vanquished Creatures (others)
  A human (D:3)
1 creature vanquished.

Grand Total: 98 creatures vanquished

Notes
Turn   | Place    | Note
-------+----------+-------------------------------------------
     0 | D:1      | HessuHobo the Minotaur Berserker began the quest for the
                  | Orb.
     0 | D:1      | Reached XP level 1. HP: 19/19 MP: 0/0
   209 | D:1      | Reached skill level 4 in Axes
   209 | D:1      | Reached XP level 2. HP: 27/27 MP: 1/1
   761 | D:2      | Reached XP level 3. HP: 33/33 MP: 2/2
  1057 | D:2      | Found a faded altar of an unknown god.
  1109 | D:2      | Noticed Natasha
  1118 | D:2      | Killed Natasha
  1118 | D:2      | Reached ** piety under Trog
  1119 | D:2      | Reached XP level 4. HP: 36/41 MP: 3/3
  1259 | D:2      | Reached skill level 5 in Axes
  1325 | D:2      | Noticed Natasha
  1331 | D:2      | Killed Natasha
  1358 | D:2      | Noticed Natasha
  1371 | D:2      | HP: 1/41 [Natasha/magic dart (7)]
  1372 | D:2      | Killed Natasha
  1373 | D:2      | Reached XP level 5. HP: 1/47 MP: 4/4
  1775 | D:3      | Reached skill level 5 in Fighting
  1808 | D:3      | Found a transporter.
  1813 | D:3      | Noticed an ogre
  1814 | D:3      | Noticed wpisznazwe's ghost (novice VSMo)
  1938 | D:3      | Found an ancient bone altar of Kikubaaqudgha.
  1965 | D:3      | Noticed a human
  1966 | D:3      | Killed a human
  2029 | D:3      | Found a hide-covered altar of Uskayaw.
  2270 | D:4      | Found a stormy altar of Qazlal.
  2285 | D:4      | Noticed Edmund
  2300 | D:4      | Killed Edmund
  2301 | D:4      | Reached skill level 6 in Axes
  2301 | D:4      | Reached XP level 6. HP: 56/56 MP: 5/5
  2412 | D:4      | Found Xipahuer's Antique Armour Shoppe.
  2437 | D:4      | Noticed Eustachio
  2463 | D:4      | Killed Eustachio
  2464 | D:4      | Reached skill level 7 in Axes
  2587 | D:4      | Found a radiant altar of Vehumet.
  2916 | D:4      | Found a staircase to the Ecumenical Temple.
  2941 | Temple   | Entered the Ecumenical Temple
  3058 | Temple   | Fell from the grace of Trog
  3058 | Temple   | Became a worshipper of the Shining One
  3167 | D:4      | Identified the +2 ring mail of Boredom {Rampage rPois rC-}
  3190 | D:4      | Found a shadowy altar of Dithmenos.
  3469 | D:5      | Entered Level 5 of the Dungeon
  3505 | D:5      | Reached XP level 7. HP: 61/62 MP: 6/6
  3637 | D:5      | Paralysed by Trog for 7 turns
  3874 | D:5      | Reached skill level 8 in Axes
  3969 | D:5      | Reached skill level 5 in Armour
  4349 | D:6      | Found a blossoming altar of Fedhas.
  4355 | D:6      | Reached * piety under the Shining One
  4389 | D:6      | Reached XP level 8. HP: 56/71 MP: 7/7
  4457 | D:6      | Found a sparkling altar of Nemelex Xobeh.
  4460 | D:6      | Reached skill level 1 in Shields
  4845 | D:6      | Reached skill level 9 in Axes
  4872 | D:6      | Noticed a boulder beetle
  4881 | D:6      | Mangled by a boulder beetle

Illustrated notes

Levels and vault maps discovered:
D:1:      psy_arrival_statuary, layout_loops_ring, minmay_misc_feat_encased
D:2:      minmay_inner_zag, layout_basic,
          chequers_ecumenical_altar_simple_redux, uniq_natasha
D:3:      layout_rooms, tgw_kikubaaqudgha, nicolae_overflow_hidden_temple,
          gammafunk_ghost_smash
D:4:      layout_loops_cross, kennysheep_little_box,
          mainiacjoe_overflow_large_starburst, minmay_temple_entry_antechambers,
          serial_shops, nicolae_lakefront_shop, minmay_misc_feat_diagonals,
          uniq_eustachio, uniq_edmund
D:5:      layout_gridville
D:6:      minmay_skewed_foursquare, layout_loops_corners,
          mainiacjoe_overflow_catch_the_wave,
          nicolae_ossuary_entry_false_entrances, kennysheep_another_room,
          minmay_microvault, uniq_sigmund, uniq_maggie
Temple:   nicolae_temple_hex_pool

Skill      XL: |  1  2  3  4  5  6  7  8 |
---------------+-------------------------+-----
Axes           | 4 5 6 7 8 9 |  9.0
Fighting       | 4 5 6 |  6.6
Armour         | 3 4 5 |  5.8
Dodging        | 3 |  3.7
Shields        | 1 |  1.4

Action                   |  1- 3 |  4- 6 |  7- 9 || total
-------------------------+-------+-------+-------++-------
Melee: Hand axe          |    65 |   109 |    59 ||   233
       Headbutt          |    11 |    27 |    19 ||    57
       War axe           |       |       |    16 ||    16
Invok: Berserk           |       |     3 |       ||     3
       Divine Shield     |       |       |     1 ||     1
Armor: Animal skin       |     1 |       |       ||     1
       Ring mail         |     4 |     5 |    18 ||    27
       Scale mail        |     8 |    31 |       ||    39
       Chain mail        |       |     5 |       ||     5
Dodge: Dodged            |    41 |    47 |    30 ||   118
Block: Other             |       |       |    14 ||    14

Table legend: (Time is in decaauts)
 A = Elapsed time spent in this place.
 B = Non-inter-level travel time spent in this place.
 C = Inter-level travel time spent in this place.
 D = Time resting spent in this place.
 E = Time spent auto-exploring this place.
 F = Levels seen in this place.
 G = Mean time per level.
                   A        B        C        D        E       F      G
               +--------+--------+--------+--------+--------+-----+--------+
         Total |   5018 |   4744 |    274 |    999 |   2894 |   7 |  716.9 |
       Dungeon |   4878 |   4675 |    203 |    999 |   2846 |   6 |  813.0 |
        Temple |    139 |     68 |     71 |      0 |     48 |   1 |  139.0 |
               +--------+--------+--------+--------+--------+-----+--------+

Top non-repeatable levels by time:
     D:4: 1077 daAuts
     D:2: 1015 daAuts
     D:5: 830 daAuts
     D:1: 736 daAuts
     D:6: 673 daAuts
     D:3: 545 daAuts
  Temple: 139 daAuts
